 Dungeon Sprint DCSS version 0.27-a0-1136-g0b992a5a9d (webtiles) character file.

Game seed: 12840910775722123785

3156 mhtbhm the Scorcher (level 9, -1/45 HPs)
             Began as a Deep Elf Fire Elementalist on May 4, 2021.
             Was a High Priest of Vehumet.
             Killed from afar by an air elemental (8 damage)
             ... with a tornado
             ... in the Dungeon (Sprint V: "Ziggurat Sprint").
             The game lasted 00:02:06 (670 turns).

mhtbhm the Scorcher (Deep Elf Fire Elementalist)     Turns: 670, Time: 00:02:07

Health: -1/45      AC:  5    Str:  5    XL:     9   Next: 62%
Magic:  25/28      EV: 17    Int: 36    God:    Vehumet [*****.]
Gold:   0          SH:  0    Dex: 15    Spells: 12/34 levels left

rFire    + . .     SeeInvis .   C - +8 lance "Wyrmbane" {slay drac, rPois rF+ rC+ AC+3}
rCold    + . .     Faith    .   (no shield)
rNeg     . . .     Spirit   .   a - +0 robe
rPois    +         Reflect  .   (no helmet)
rElec    .         Harm     .   (no cloak)
rCorr    .         Rampage  .   (no gloves)
Will     .....     NoTele   +   (no boots)
Stlth    ++++......             (no amulet)
HPRegen  0.15/turn              u - +6 ring of intelligence
MPRegen  0.21/turn              v - +6 ring of intelligence

@: flying (expiring), studying Maces & Flails
A: no striking features
a: Renounce Religion


You were in the Dungeon.
You worshipped Vehumet.
Vehumet was extremely pleased with you.
You visited 1 branch

Inventory:

Hand Weapons
 C - the +8 lance "Wyrmbane" (weapon) {slay drac, rPois rF+ rC+ AC+3}
   (You found it in the Dungeon)

   It affects your AC (+3).
   It protects you from fire.
   It protects you from cold.
   It protects you from poison.
Missiles
 s - 8 boomerangs of dispersal
Armour
 a - a +0 robe (worn)
Jewellery
 r - a ring of positive energy
 u - a +6 ring of intelligence (left hand)
 v - a +6 ring of intelligence (right hand)
 w - a ring of willpower
Wands
 y - a wand of mindburst (7)
 z - a wand of iceblast (7)
 A - a wand of acid (7)
Scrolls
 h - 4 scrolls of blinking
 m - 4 scrolls of amnesia
 n - 7 scrolls of fog
 o - a scroll of holy word
 p - 5 scrolls of identify
 q - a scroll of fear
 t - 2 scrolls of brand weapon
Potions
 b - 2 potions of brilliance
 c - 10 potions of curing
 d - 10 potions of heal wounds
 e - 6 potions of haste
 f - 7 potions of magic
 g - 3 potions of berserk rage
 i - 2 potions of invisibility
 j - 4 potions of resistance
 k - a potion of experience
 l - 5 potions of might
Miscellaneous
 B - a lightning rod (4/4)


   Skills:
 + Level 9.6 Dodging
 + Level 9.4 Stealth
 + Level 13.4 Spellcasting
 + Level 3.9 Conjurations
 + Level 16.6 Fire Magic
 + Level 4.7 Evocations


You had 12 spell levels left.
You knew the following spells:

 Your Spells              Type           Power      Damage    Failure   Level
a - Foxfire               Conj/Fire      100%       2x1d9     0%          1
b - Conjure Flame         Conj/Fire      78%        6-21      1%          3
c - Inner Flame           Hex/Fire       71%        N/A       1%          3
d - Sticky Flame          Conj/Fire      78%        2d9       1%          4
e - Fireball              Conj/Fire      39%        3d16      1%          5
f - Iron Shot             Conj/Erth      19%        9d4       28%         6

Your spell library contained the following spells:

 Spells                   Type           Power      Damage    Failure   Level
 Mephitic Cloud           Conj/Pois/Air  33%        N/A       1%          3
 Corpse Rot               Necr/Air       N/A        N/A       2%          2
 Sublimation of Blood     Necr           12%        N/A       2%          2
 Vampiric Draining        Necr           12%        2d7       4%          3
 Lightning Bolt           Conj/Air       19%        1d33      5%          5
 Dispel Undead            Necr           24%        3d12      16%         4
 Conjure Ball Lightning   Conj/Air       19%        3x3d6     28%         6
 Agony                    Necr           24%        N/A       41%         5
 Excruciating Wounds      Necr           12%        N/A       41%         5


Dungeon Overview and Level Annotations

Branches:
Dungeon (1/1)

Altars:
Ashenzari
Cheibriados
Dithmenos
Elyvilon
Fedhas
Gozag
Hepliaklqana
Kikubaaqudgha
Makhleb
Nemelex Xobeh
Okawaru
Qazlal
Ru
Sif Muna
Trog
Uskayaw
Vehumet
Wu Jian
Xom
Yredelemnul
Zin
The Shining One
Beogh
Jiyva
Lugonu


Message History

Casting: Fireball (dangerous; 1% risk of failure)
Confirm with . or Enter, or press ? or * to list all spells.
Aiming: Fireball (dangerous; 1% risk of failure)
Press: ? - help, Shift-Dir - straight line, f - air elemental
Aim: an air elemental The fireball explodes!
The fireball engulfs the air elemental!!
The air elemental is severely damaged.
The fireball engulfs the air elemental!!
You destroy the air elemental!
Vehumet accepts your kill.
Vehumet offers you knowledge of Mephitic Cloud.
You feel your power returning.
The fireball engulfs the air elemental!
The air elemental is moderately damaged.
The wind drake flaps its wings at you. The air twists around and strikes you!
The wind drake flaps its wings at you. The air twists around and strikes you!!
* * * LOW HITPOINT WARNING * * *
Unknown command.
Unknown command.
Casting: Fireball (dangerous; 1% risk of failure)
Confirm with . or Enter, or press ? or * to list all spells.
Aiming: Fireball (dangerous; 1% risk of failure)
Press: ? - help, Shift-Dir - straight line, f - air elemental, p - air elemental
Aim: an air elemental (raging winds)
The fireball explodes!
The fireball engulfs the air elemental!!
The air elemental is almost destroyed.
The fireball engulfs the air elemental!!
You destroy the air elemental!
Vehumet accepts your kill.
You feel your power returning.
The fireball engulfs the air elemental!!
You destroy the air elemental!
Vehumet accepts your kill.
You feel your power returning.
The vortex of raging winds lifts you up.
You fly up into the air.
You die...

▓§§§:[§§▓
▓§§§§§§§▓
▓§§kk§§§▓
▓§§§§§§§▓
▓.§§E§§§▓
.§§§§§§
▓§▓§§§▓§▓
▓§..@...▓
▓▓▓▓▓▓▓▓▓


You could see 2 wind drakes and an air elemental.

Vanquished Creatures
  2 eyes of devastation (D)
  4 merfolk (D)
  A jumping spider (D)
  A slime creature (D)
  2 tarantellas (D)
  3 air elementals (D)
  A golden eye (D)
  A necrophage (D)
  2 phantoms (D)
  7 scorpions (D)
  2 jellies (D)
  An adder skeleton (D)
27 creatures vanquished.

Notes
Turn   | Place    | Note
-------+----------+-------------------------------------------
     0 | D        | mhtbhm the Deep Elf Fire Elementalist began the quest for
                  | the Orb.
     0 | D        | Reached XP level 1. HP: 10/10 MP: 6/6
     0 | D        | Found a blossoming altar of Fedhas.
     1 | D        | Found the +6 Majin-Bo {vamp, MP+6 Int+6}
     1 | D        | Found the +9 heavy crossbow "Sniper" {vorpal, Acc+∞ SInv}
     1 | D        | Found the +10 dark maul {vorpal}
     1 | D        | Found the +15 Maxwell's patent armour {-Cast -Tele rElec
                  | Will+ rCorr}
     1 | D        | Found the +18 shield of the Gong {rElec rN+ Will+ EV-5}
     1 | D        | Found the +14 obsidian axe {vorpal, Drain Fly SInv}
     1 | D        | Found the +7 great mace "Firestarter" {inner flame, rF++}
     1 | D        | Found the +6 shillelagh "Devastator" {shatter}
     1 | D        | Found the +11 plutonium sword {Contam Stlth-}
     1 | D        | Found the +8 lance "Wyrmbane" {slay drac, rPois rF+ rC+
                  | AC+3}
     1 | D        | Found the +9 sword of Zonguldrok {reap}
     1 | D        | Found the +13 scythe of Curses {drain, Drain}
     1 | D        | Found the +5 sword of Power {vorpal}
     1 | D        | Found the +7 mace of Variability {chain chaos}
     1 | D        | Found the +7 Singing Sword {vorpal, sonic wave}
     1 | D        | Found the +8 storm bow {elec, penet}
     1 | D        | Found a shimmering blue altar of Sif Muna.
     1 | D        | Found a sacrificial altar of Ru.
     1 | D        | Found a bloodstained altar of Trog.
     1 | D        | Found a stormy altar of Qazlal.
     1 | D        | Found an iron altar of Okawaru.
     1 | D        | Found a sparkling altar of Nemelex Xobeh.
     3 | D        | Found a transporter.
     3 | D        | Found an ancient bone altar of Kikubaaqudgha.
     3 | D        | Found a viscous altar of Jiyva.
     3 | D        | Found a corrupted altar of Lugonu.
     3 | D        | Found a hazy altar of Hepliaklqana.
     3 | D        | Found a burning altar of Makhleb.
     3 | D        | Found an opulent altar of Gozag.
     5 | D        | Banished a spatial maelstrom
    41 | D        | Became a worshipper of Vehumet
    65 | D        | Entered arena 2.
    65 | D        | Noticed a scorpion
    65 | D        | Noticed a tarantella
    65 | D        | Found a transporter.
    71 | D        | Killed a tarantella
    72 | D        | Reached skill level 5 in Dodging
    72 | D        | Reached skill level 9 in Fire Magic
    72 | D        | Reached skill level 1 in Evocations
    72 | D        | Reached XP level 2. HP: 15/15 MP: 6/11
    72 | D        | Reached XP level 3. HP: 19/19 MP: 7/13
    72 | D        | Reached XP level 4. HP: 24/24 MP: 7/14
    72 | D        | Reached XP level 5. HP: 28/28 MP: 8/16
    73 | D        | Reached skill level 5 in Stealth
    77 | D        | Learned a level 3 spell: Conjure Flame
    81 | D        | Learned a level 3 spell: Inner Flame
    86 | D        | Learned a level 4 spell: Sticky Flame
    92 | D        | Learned a level 5 spell: Fireball
   129 | D        | Entered arena 3.
   129 | D        | Noticed a tarantella
   129 | D        | Noticed a jumping spider
   129 | D        | Found a transporter.
   130 | D        | Found the +0 staff of Battle
   131 | D        | Killed a jumping spider
   131 | D        | Reached * piety under Vehumet
   131 | D        | Offered knowledge of Magic Dart by Vehumet.
   132 | D        | Reached skill level 11 in Fire Magic
   132 | D        | Reached XP level 6. HP: 32/32 MP: 7/19
   133 | D        | Killed a tarantella
   134 | D        | Reached skill level 12 in Fire Magic
   134 | D        | Reached XP level 7. HP: 36/36 MP: 4/22
   242 | D        | Entered arena 4.
   242 | D        | Noticed a merfolk
   242 | D        | Noticed a merfolk
   242 | D        | Noticed a merfolk
   242 | D        | Noticed a merfolk
   242 | D        | Found a transporter.
   244 | D        | Killed a merfolk
   244 | D        | Reached ** piety under Vehumet
   245 | D        | Reached skill level 10 in Spellcasting
   245 | D        | Reached skill level 13 in Fire Magic
   245 | D        | Killed a merfolk
   246 | D        | Reached XP level 8. HP: 29/41 MP: 11/24
   246 | D        | Killed a merfolk
   246 | D        | Killed a merfolk
   246 | D        | Reached *** piety under Vehumet
   247 | D        | Reached skill level 14 in Fire Magic
   395 | D        | Entered arena 5.
   395 | D        | Found a transporter.
   396 | D        | Found the +8 demon trident "Rift" {distort, reach+}
   397 | D        | Offered knowledge of Poisonous Vapours by Vehumet.
   397 | D        | Reached **** piety under Vehumet
   398 | D        | Reached skill level 15 in Fire Magic
   434 | D        | Entered arena 6.
   434 | D        | Found a transporter.
   436 | D        | Reached ***** piety under Vehumet
   437 | D        | Reached XP level 9. HP: 45/45 MP: 21/27
   473 | D        | Entered arena 7.
   473 | D        | Noticed an eye of devastation
   473 | D        | Noticed an eye of devastation
   477 | D        | Killed an eye of devastation
   478 | D        | Reached skill level 16 in Fire Magic
   478 | D        | Killed an eye of devastation
   479 | D        | Found a transporter.
   656 | D        | Got Sif Muna's Tome of Confrontation and Sinister Secrets
   664 | D        | Learned a level 6 spell: Iron Shot
   668 | D        | Entered arena 8.
   668 | D        | Noticed a wind drake
   668 | D        | Noticed a wind drake
   669 | D        | Offered knowledge of Mephitic Cloud by Vehumet.
   670 | D        | Killed from afar by an air elemental

Illustrated notes

Levels and vault maps discovered:
D:        sprint_v [room_start, room_1, room_2, room_3, room_4, room_5, room_6,
          room_7, room_8, room_9, room_10, room_11, room_12, room_13, room_14,
          room_15, room_16, room_17, room_18, room_19, room_20, room_21,
          room_22, room_23, room_24, room_25, room_26, room_27]

Skill      XL: |  1  2  3  4  5  6  7  8  9 |
---------------+----------------------------+-----
Dodging        | 5 6 7 8 9 |  9.6
Stealth        | 4 6 7 8 9 |  9.4
Spellcasting   | 6 8 9 10 12 13 | 13.4
Fire Magic     | 9 11 12 13 15 16 | 16.6
Evocations     | 1 2 3 4 |  4.7
Conjurations   | 2 3 |  3.9

Action                   |  1- 3 |  4- 6 |  7- 9 || total
-------------------------+-------+-------+-------++-------
 Cast: Fireball          |       |     2 |    15 ||    17
       Sticky Flame      |       |     1 |       ||     1
Evoke: Lightning rod     |     3 |     2 |       ||     5
  Use: Scroll            |     1 |       |       ||     1
Armor: Robe              |       |       |     1 ||     1

Table legend: (Time is in decaauts)
 A = Elapsed time spent in this place.
 B = Non-inter-level travel time spent in this place.
 C = Inter-level travel time spent in this place.
 D = Time resting spent in this place.
 E = Time spent auto-exploring this place.
 F = Levels seen in this place.
 G = Mean time per level.
                   A        B        C        D        E       F      G
               +--------+--------+--------+--------+--------+-----+--------+
         Total |    668 |    668 |      0 |    469 |      0 |   1 |  668.0 |
       Dungeon |    668 |    668 |      0 |    469 |      0 |   1 |  668.0 |
               +--------+--------+--------+--------+--------+-----+--------+

Top non-repeatable levels by time:
       D: 668 daAuts
